 Dungeon Crawl Stone Soup version 0.28.0-43-g3370ac3207 (webtiles) character file.

Game seed: 18407640033949702419

3614 pkoi the Cleaver (level 9, -9/79 HPs)
             Began as a Minotaur Monk on Mar 14, 2022.
             Was a Priest of Makhleb.
             Mangled by an orc warrior
             ... wielding a +0 halberd
              (20 damage)
             ... in a bailey.
             The game lasted 00:12:08 (10388 turns).

pkoi the Cleaver (Minotaur Monk)                   Turns: 10388, Time: 00:12:09

Health: -9/79      AC: 15    Str: 20    XL:     9   Next: 86%
Magic:  13/13      EV:  9    Int:  7    God:    Makhleb [***...]
Gold:   321        SH:  0    Dex: 15    Spells: 8/8 levels left

rFire   . . .      SeeInvis .   D - +0 war axe
rCold   . . .      Faith    .   (no shield)
rNeg    . . .      Spirit   .   e - +0 chain mail
rPois   +          Reflect  .   E - +1 hat
rElec   .          Harm     .   v - +0 cloak of Yredelemnul's Hatred {Dex+2 Slay+4}
rCorr   .          Rampage  .   (no gloves)
Will    .....                   A - +2 pair of boots
Stlth   ..........              (no amulet)
HPRegen 0.23/turn               B - ring of poison resistance
MPRegen 0.13/turn               b - +4 ring of slaying

@: studying Ice Magic
A: horns 2, retaliatory headbutt
a: Renounce Religion, Minor Destruction, Lesser Servant of Makhleb


You were in a bailey.
You worshipped Makhleb.
Makhleb was most pleased with you.
You visited 2 branches of the dungeon, and saw 9 of its levels.
You also visited: Ossuary and Bailey.

You collected 1518 gold pieces.
You spent 1197 gold pieces at shops.

Inventory:

Hand Weapons
 a - a +1 hand axe
 l - a +1 whip of venom
 D - a +0 war axe (weapon)
Missiles
 g - 6 boomerangs (quivered)
 h - 13 poisoned darts
 H - a throwing net
Armour
 e - a +0 chain mail (worn)
 v - the +0 cloak of Yredelemnul's Hatred (worn) {Dex+2 Slay+4}
   (You bought it in a shop on level 1 of the Dungeon)

   Dex:       It affects your dexterity (+2).
   Slay:      It affects your accuracy & damage with ranged weapons and melee
   (+4).
 A - a +2 pair of boots (worn)
 E - a +1 hat (worn)
Jewellery
 b - a +4 ring of slaying (right hand)
 i - a ring of protection from fire
 B - a ring of poison resistance (left hand)
 F - the ring of Raan Umi {rF+ Slay+2}
   (You found it on level 7 of the Dungeon)

   [ring of protection from fire]

   Slay:      It affects your accuracy & damage with ranged weapons and melee
   (+2).
   rF:        It protects you from fire.
Wands
 k - a wand of iceblast (20)
 r - a wand of digging (1)
 y - a wand of flame (31)
Scrolls
 s - a scroll of immolation
 t - a scroll of fear
 u - 2 scrolls of amnesia
 x - 2 scrolls of fog
 I - 2 scrolls of enchant armour
Potions
 c - 2 potions of flight
 d - a potion of curing
 f - a potion of brilliance
 j - a potion of haste
 m - a potion of magic
 n - a potion of invisibility
 o - a potion of berserk rage
 p - 2 potions of might
 q - a potion of resistance
 w - a potion of cancellation
 z - a potion of attraction
 G - a potion of lignification {unknown}


   Skills:
 + Level 7.2 Fighting
 * Level 10.6 Axes
 + Level 6.0 Armour
 - Level 3.2 Dodging
 - Level 1.5 Stealth
 * Level 7.2 Invocations
 + Level 4.2 Evocations


You had 8 spell levels left.
You didn't know any spells.
Your spell library contained the following spells:

 Spells                   Type           Power      Damage    Failure   Level
 Call Canine Familiar     Summ           0%         N/A       100%        3
 Portal Projectile        Hex/Tloc       0%         N/A       100%        3
 Leda's Liquefaction      Hex/Erth       0%         N/A       100%        4


Dungeon Overview and Level Annotations

Branches:
Dungeon (8/15)             Temple (1/1) D:4            Lair (0/6) D:8
Ossuary (visited)          Bailey (1/1)

Altars:
Ashenzari
Cheibriados
Dithmenos
Elyvilon
Fedhas
Gozag
Hepliaklqana
Kikubaaqudgha
Makhleb
Nemelex Xobeh
Okawaru
Ru
Sif Muna
Trog
Uskayaw
Vehumet
Wu Jian
Xom
Zin
The Shining One

Shops:
D:1 [   D:2 =[(:

Annotations:
D:2 Sigmund Bailey 2 runed translucent doors


Innate Abilities, Weirdness & Mutations

You have a pair of horns on your head.
You reflexively headbutt those who attack you in melee.


Message History

The orc hits you from afar with a +0 spear.
The orc barely misses you. You furiously retaliate!
You headbutt the orc!
You kill the orc!
Makhleb accepts your kill.
You feel better. The orc barely misses you.
Things that are here:
a +0 trident; a +0 chain mail; an orc corpse
There is a large open door here.
The orc hits you from afar with a +0 spear.
You slash the orc!
You kill the orc!
Makhleb accepts your kill.
You can now hurl Makhleb's greater destruction.
You feel better. The orc hits you but does no damage.
The orc knight roars a battlecry!
The orcs go into a battle-frenzy!
You slash the orc!
You kill the orc!
Makhleb accepts your kill.
The orc warrior hits you from afar with a +0 halberd.
A demon appears!
The orc warrior closely misses you.
A demon appears!
You can no longer hurl Makhleb's greater destruction.
The orc warrior hits you from afar with a +0 halberd!
* * * LOW HITPOINT WARNING * * *
Unknown command.
Your ynoxinul barely misses the orc warrior.
The orc warrior hits you with a +0 halberd!!
* * * LOW HITPOINT WARNING * * *
The orc knight hits you with a +0 glaive!
* * * LOW HITPOINT WARNING * * *
Your ynoxinul gestures at the orc warrior.
The iron shot hits the orc warrior!
Unknown command.
You hit the orc knight. You headbutt the orc knight!
The orc knight is moderately wounded.
You hit the orc warrior.
The orc warrior hits you with a +0 halberd!!
You die...

#♣..∩).∩..♣#
#....).....#
##..........##
###............#
♣♣............♣.#
#♣..♣.♣..)....♣♣.###
#≈≈........3.......♣♣
#≈≈≈....#..o.#......♣♣
#≈≈≈≈≈≈≈#.@3.#≈≈≈≈...♣
#≈≈≈≈≈≈≈#.o..#≈≈≈≈≈≈.♣
#≈≈≈≈≈≈≈#....#≈≈≈≈≈≈≈♣
#♣♣≈≈≈≈≈#....#≈≈≈≈≈≈≈≈≈
♣♣♣...#....#...≈≈≈≈≈≈#
....♣............≈≈≈≈#
...................≈≈≈#
..####........####..≈≈#
#$.####''####.


You could see an orc knight, an orc warrior (strong, ally target), a friendly
smoke demon (summoned) and a friendly ynoxinul (summoned).

Vanquished Creatures
  Erica (D:8)
  A gargoyle (D:7)
  An unseen horror (D:7)
  A steam dragon (D:6)
  2 water moccasins
  An orc warrior (Bailey)
  A black bear (D:5)
  4 ogres
  2 phantoms
  A centaur (D:7)
  2 elf zombies
  2 bullfrogs (D:7)
  3 scorpions
  2 elf skeletons (D:4)
  3 killer bees (D:8)
  2 centaur zombies
  A bullfrog skeleton (D:6)
  A human zombie (Ossuary)
  A gnoll shaman (D:7)
  3 hounds
  A human skeleton (D:4)
  4 iguanas
  4 mummies (Ossuary)
  A howler monkey zombie (D:6)
  8 gnolls
  6 adders
  A howler monkey skeleton (D:6)
  A shadow imp (D:5)
  A white imp (D:7)
  An ufetubus (D:7)
  A worm (D:4)
  4 dart slugs
  15 orcs
  8 ball pythons
  3 bat skeletons (D:7)
  3 bat zombies (D:7)
  2 giant cockroaches
  9 goblins
  12 hobgoblins
  3 quokkas (D:1)
  4 bats
  4 frilled lizards
  2 goblin zombies (Ossuary)
  3 hobgoblin zombies (Ossuary)
  2 jackal zombies (Ossuary)
  4 kobolds
  A kobold zombie (Ossuary)
  An orc skeleton (D:4)
  An orc zombie (Ossuary)
  4 rats
  A rat zombie (Ossuary)
150 creatures vanquished.

Vanquished Creatures (others)
  An orc skeleton (D:4)
  2 fungi (D:8)
  11 plants
  A withered plant (D:3)
15 creatures vanquished.

Grand Total: 165 creatures vanquished

Notes
Turn   | Place    | Note
-------+----------+-------------------------------------------
     0 | D:1      | pkoi the Minotaur Monk began the quest for the Orb.
     0 | D:1      | Reached XP level 1. HP: 19/19 MP: 0/0
    31 | D:1      | Reached skill level 4 in Axes
    35 | D:1      | Reached XP level 2. HP: 23/26 MP: 1/1
   415 | D:1      | Found Saafew's Antique Armour Shoppe.
   504 | D:1      | You fall into a shaft and drop 1 floor!
   514 | D:2      | Reached skill level 5 in Axes
   528 | D:2      | Noticed Sigmund
   941 | D:2      | Reached XP level 3. HP: 29/31 MP: 2/2
  1561 | D:2      | Found Itibav's Book Emporium.
  1618 | D:3      | HP: 1/31 [adder (3)]
  2542 | D:3      | Found a sacrificial altar of Ru.
  2588 | D:3      | Found a faded altar of an unknown god.
  2710 | D:3      | Found a snail-covered altar of Cheibriados.
  2797 | D:3      | Found a burning altar of Makhleb.
  3029 | D:3      | Became a worshipper of Makhleb the Destroyer
  3029 | D:3      | Reached * piety under Makhleb
  3029 | D:3      | Reached ** piety under Makhleb
  3123 | D:4      | Reached XP level 4. HP: 34/39 MP: 3/3
  3226 | D:4      | Reached skill level 6 in Axes
  3228 | D:4      | Found a staircase to the Ecumenical Temple.
  3284 | D:4      | Reached skill level 1 in Armour
  3284 | D:4      | Reached skill level 1 in Invocations
  3342 | D:4      | Reached XP level 5. HP: 42/46 MP: 3/5
  3369 | D:4      | Found a sand-covered staircase.
  3388 | Ossuary  | Entered an ossuary
  3433 | Ossuary  | Reached XP level 6. HP: 24/52 MP: 6/6
  3623 | Ossuary  | Reached skill level 7 in Axes
  3892 | Temple   | Entered the Ecumenical Temple
  4533 | D:4      | Identified the +1 ring mail of Sin {*Slow rC+ Str+4 Int-3
                  | Stlth+}
  4617 | D:4      | Reached skill level 1 in Evocations
  4617 | D:4      | Reached XP level 7. HP: 25/60 MP: 8/8
  5200 | D:5      | Entered Level 5 of the Dungeon
  5204 | D:5      | Found a radiant altar of Vehumet.
  5240 | D:5      | Reached *** piety under Makhleb
  5251 | D:5      | Reached skill level 5 in Fighting
  5823 | D:5      | Reached skill level 8 in Axes
  6218 | D:6      | Reached XP level 8. HP: 43/68 MP: 10/10
  7147 | D:6      | Reached skill level 5 in Invocations
  7227 | D:6      | Found a shadowy altar of Dithmenos.
  7588 | D:1      | Bought a jewelled cloak for 237 gold pieces
  7588 | D:1      | Identified the +0 cloak of Yredelemnul's Hatred {Dex+2
                  | Slay+4} (You bought it in a shop on level 1 of the Dungeon)
  7695 | D:2      | Found Ynoci Qef's Jewellery Boutique.
  7764 | D:2      | Found Nepuf's Antique Weapon Boutique.
  7830 | D:2      | Found Zaihuep's Antique Armour Shoppe.
  8030 | D:6      | Reached skill level 9 in Axes
  8228 | D:6      | Found a bloodstained altar of Trog.
  8743 | D:7      | Identified a scroll of acquirement
  8774 | D:7      | Found a white marble altar of Elyvilon.
  8792 | D:7      | Acquired 1196 gold pieces
  8899 | D:2      | Bought a pair of glowing boots for 180 gold pieces
  8959 | D:2      | Bought a +4 ring of slaying for 780 gold pieces
  9063 | D:7      | Identified the ring of Raan Umi {rF+ Slay+2}
  9121 | D:7      | Noticed a gargoyle
  9129 | D:7      | Killed a gargoyle
  9130 | D:7      | Reached skill level 5 in Armour
  9130 | D:7      | Reached XP level 9. HP: 60/78 MP: 12/12
  9155 | D:7      | Killed an unseen horror
  9654 | D:7      | Reached skill level 10 in Axes
  9781 | D:7      | Found an ancient bone altar of Kikubaaqudgha.
  9877 | D:7      | Found a hide-covered altar of Uskayaw.
  9887 | D:7      | Found an ornate altar of the Wu Jian Council.
  9958 | D:8      | Noticed Erica
  9969 | D:8      | Killed Erica
  9986 | D:8      | Found a flagged portal.
 10003 | Bailey   | Entered a bailey
 10359 | Bailey   | Found a large runed translucent door.
 10359 | Bailey   | Found a large runed translucent door.
 10359 | Bailey   | Noticed an orc knight
 10381 | Bailey   | Reached **** piety under Makhleb
 10388 | Bailey   | Mangled by an orc warrior

Illustrated notes

Levels and vault maps discovered:
D:1:      psy_arrival_dodecagon, layout_loops_ring, serial_shops, shop
D:2:      layout_basic, serial_shops, shop, shop, nicolae_shop_hallway_stairs,
          nicolae_shop_window_shopping, uniq_sigmund
D:3:      layout_loops_ring, nicolae_overflow_hidden_temple,
          mainiacjoe_overflow_alcove_1, general_overflow_altar,
          shapermc_ecumenical_altar_flowoftime, item_on_display_a
D:4:      layout_basic, minmay_temple_entry_grid,
          nicolae_ossuary_entry_catacombs, grunt_ministairs_4
D:5:      layout_basic, marbit_many_paths, eino_tiny_chamber
D:6:      layout_basic, mainiacjoe_overflow_brackets, grunt_dithmenos_shadows,
          hex_medium
D:7:      layout_loops_ring, elyvilon_altar_4, kennysheep_vampire_church,
          amethyst_overflow_temple_binary, minmay_manual_maat
D:8:      layout_basic, lemuel_tele_altar, kennysheep_mini,
          minmay_lair_entry_grove, enter_bailey_7, minivault_14, uniq_erica
Temple:   eino_temple_lava
Bailey:   bailey_polearm_elven_captive_hellmonk, bailey

Skill      XL: |  1  2  3  4  5  6  7  8  9 |
---------------+----------------------------+-----
Axes           | 4 5 6 7 8 9 10 | 10.6
Armour         | 1 2 3 5 6 |  6.0
Invocations    | 1 2 3 4 6 7 |  7.2
Fighting       | 4 5 6 7 |  7.2
Evocations     | 1 2 3 4 |  4.2
Dodging        | |  3.2
Stealth        | |  1.5

Action                   |  1- 3 |  4- 6 |  7- 9 || total
-------------------------+-------+-------+-------++-------
Melee: Hand axe          |    79 |   100 |    13 ||   192
       Headbutt          |    12 |    30 |    37 ||    79
       Whip              |       |    20 |   127 ||   147
       Punch             |       |     1 |     4 ||     5
       War axe           |       |       |    82 ||    82
Invok: Lesser Servant of |       |       |     2 ||     2
  Use: Scroll            |     3 |     8 |     9 ||    20
       Potion            |     4 |     2 |       ||     6
 Stab: Sleeping          |     7 |       |       ||     7
Armor: Robe              |     5 |       |       ||     5
       Chain mail        |    11 |    72 |   141 ||   224
Dodge: Dodged            |    34 |    45 |    88 ||   167
